 Dungeon Crawl Stone Soup version 0.32-a0-630-g46d191b0ed (webtiles) character file.

Game seed: 6671580369472285506

166244 KimchiStew the Severer (level 17, 0/136 (140) HPs)
             Began as a Coglin Berserker on Mar 6, 2024.
             Was a High Priest of Trog.
             Slain by a tyrant leech simulacrum (19 damage)
             ... on level 3 of the Spider Nest.
             The game lasted 00:47:53 (33260 turns).

KimchiStew the Severer (Coglin Berserker)          Turns: 33260, Time: 00:47:54

HP:   0/136 (140)   AC: 17    Str: 24    XL:     17   Next: 89%
MP:   5/17          EV: 16    Int:  7    God:    Trog [*****.]
Gold: 1107          SH:  0    Dex: 15    Spells: 16/16 levels left

rFire   . . .        I - +3 broad axe (elec) {Ermengarde}
rCold   . . .        o - +5 broad axe (flame) {Ai}
rNeg    . . .        K - quicksilver dragon scales
rPois   +            P - +0 hat {SInv}
rElec   .            w - +0 cloak
rCorr   +            d - +1 pair of gloves
SInv    +            Z - +0 pair of boots
Will    ++...        (amulet unavailable)
Stlth   +            (ring unavailable)
HPRegen 0.42/turn    (ring unavailable)
MPRegen 0.15/turn    Q - emergency geocapacitor {rPois rCorr Slay+3 Clar RMsl}

%: repel missiles, clarity
@: on berserk cooldown, slowed, lightly drained, revving, very slow
A: off-hand wielding, slow wielding, warmup strikes, no jewellery
a: Renounce Religion, Berserk, Trog's Hand, Brothers in Arms


You were on level 3 of the Spider Nest.
You worshipped Trog.
Trog was extremely pleased with you.
You visited 4 branches of the dungeon, and saw 25 of its levels.
You visited the Abyss 1 time.
You also visited: Gauntlet.

You collected 2187 gold pieces.
You spent 1080 gold pieces at shops.

Inventory:

Hand Weapons
 c - the +5 war axe of Trog's Hope {heavy, rElec}
   (Trog gifted it to you on level 15 of the Dungeon)

   rElec:     It insulates you from electricity.
 o - a +5 broad axe of flaming (offhand) {Ai}
 I - a +3 broad axe of electrocution (weapon) {Ermengarde}
Missiles
 f - 23 poisoned darts (quivered)
 q - 6 curare-tipped darts
 s - 7 throwing nets
 J - 4 silver javelins
Armour
 d - a +1 pair of gloves (worn)
 w - a +0 cloak (worn)
 K - quicksilver dragon scales (worn)
 P - a +0 hat of see invisible (worn)
 Z - a +0 pair of boots (worn)
Gizmo
 Q - an emergency geocapacitor (installed) {rPois rCorr Slay+3 Clar RMsl}
   (You invented it yourself on level 2 of the Lair of Beasts)

   [emergency geocapacitor]

   Slay+3:    It affects your accuracy & damage with ranged weapons and melee
   (+3).
   rPois:     It protects you from poison.
   Clar:      It protects you from confusion, rage, mesmerisation and fear.
   RMsl:      It protects you from missiles.
   rCorr:     It protects you from acid and corrosion.
Talismans
 Y - a granite talisman
Wands
 b - a wand of flame (53)
 r - a wand of acid (2)
 t - a wand of mindburst (33)
 x - a wand of polymorph (6)
 y - a wand of digging (10)
 A - a wand of charming (12)
 R - a wand of warping (4)
Scrolls
 e - 2 scrolls of fog
 l - 4 scrolls of enchant weapon
 m - 3 scrolls of fear
 n - 3 scrolls of blinking
 u - 6 scrolls of teleportation
 B - 4 scrolls of immolation
 C - 7 scrolls of identify
 E - 3 scrolls of revelation
 L - 2 scrolls of brand weapon
 M - 3 scrolls of poison
 N - 4 scrolls of vulnerability
 T - a scroll of torment
 X - a scroll of silence
Potions
 a - 5 potions of attraction
 g - 7 potions of might
 i - 6 potions of haste
 j - 3 potions of ambrosia
 k - 11 potions of curing
 p - 4 potions of mutation
 v - 10 potions of heal wounds
 z - a potion of cancellation
 D - 2 potions of lignification
 O - 3 potions of brilliance
 S - a potion of resistance
 V - a potion of berserk rage
 W - 2 potions of invisibility
Miscellaneous
 h - a phantom mirror
 F - a lightning rod (4/4)
 G - a phial of floods
 H - a condenser vane
 U - a sack of spiders


   Skills:
 + Level 14.8 Fighting
 - Level 17.3(18.0) Axes
 - Level 7.4(12.7) Maces & Flails
 - Level 7.0 Throwing
 - Level 9.0 Armour
 + Level 10.3 Dodging
 - Level 1.0 Stealth
 - Level 1.6 Necromancy
 - Level 11.3 Evocations
 * Level 10.1 Shapeshifting


You had 16 spell levels left.
You didn't know any spells.
Your spell library was empty.

Dungeon Overview and Level Annotations

Branches:
Dungeon (15/15)            Temple (0/1) D:6            Lair (5/5) D:8
 Shoals (0/4) Lair:3       Spider (3/4) Lair:3        Slime (0/5) Lair:4
    Orc (2/2) D:11            Elf (0/3) Orc:2        Vaults (0/5) D:13
 Depths (0/4) D:15        Gauntlet (visited)

Altars:
Cheibriados
Dithmenos
Elyvilon
Hepliaklqana
Okawaru
Ru
Trog
Xom
Beogh
Jiyva

Shops:
D:4 *   D:5 *   Orc:2 !*:(

Annotations:
D:11 1 runed translucent door
Lair:2 2 transporters, alja1234's ghost, journeyman MDEE


Innate Abilities, Weirdness & Mutations

You can wield a second weapon in your off-hand.
It takes a long time for you to wield or remove held weapons.
Your first few attacks do less damage.
You cannot equip rings or amulets.


Message History

You barely miss the pharaoh ant with your +5 broad axe of flaming.
You slice the pharaoh ant with your +3 broad axe of electrocution!!
Lightning courses through the pharaoh ant!
You destroy the pharaoh ant!
Trog accepts your kill.
The pharaoh ant binds the souls of nearby monsters.
Unknown command.
You hit the tyrant leech with your +3 broad axe of electrocution.
The tyrant leech is lightly wounded.
You slice the tyrant leech with your +5 broad axe of flaming!!
You burn the tyrant leech! The tyrant leech bites you!!
The tyrant leech draws strength from your injuries!
You take 17 damage, and have 90/136 hp.
You completely miss the tyrant leech with your +3 broad axe of electrocution.
The tyrant leech is heavily wounded.
You miss the tyrant leech with your +5 broad axe of flaming.
The tyrant leech bites you.
The tyrant leech draws strength from your injuries!
You take 3 damage, and have 87/136 hp.
Unknown command.
You slice the tyrant leech with your +3 broad axe of electrocution!!
Lightning courses through the tyrant leech!
The tyrant leech is almost dead.
You hit the tyrant leech with your +5 broad axe of flaming.
You burn the tyrant leech.
You kill the tyrant leech!
Trog accepts your kill.
A freezing mist starts to gather...
A tyrant leech simulacrum comes into view.
You enter the shallow water.
Moving in this stuff is going to be slow.
Unknown command.
The tyrant leech simulacrum bites you!
The tyrant leech simulacrum freezes you!!
* * * LOW HITPOINT WARNING * * *
The tyrant leech simulacrum bites you!!
* * * LOW HITPOINT WARNING * * *
The tyrant leech simulacrum freezes you!!
You die...

#≈≈.~.. .## ..... .~
~. ..#..~...~~
##..#.≈#~#. ##
#....≈≈≈~..~.#
##...~.≈≈≈~#.~#
#~..~..≈#~.Z.≈# #####
#....~~.~#@.≈≈#
..#.###≈..~....~.≈###
..#..###≈.~~.....##
..##..###≈#...####
......#^##≈#††.##
......#..####†#†#
###...#...##.††.# .
...........###.##....
.............°^.......
###


You could see a tyrant leech simulacrum.

Vanquished Creatures
  Jorgrun (Orc:1)
  Rupert (D:12)
  A tentacled starspawn (Abyss:2)
  Gastronok (Lair:2)
  Donald (Spider:2)
  Agnes (Spider:2)
  An emperor scorpion (Spider:2)
  A very ugly thing (Abyss:2)
  A ghost moth (Spider:3)
  A broodmother (Spider:1)
  A stone giant (D:15)
  2 orc warlords (Orc:2)
  An ophan (Abyss:2)
  Nessos (D:12)
  A minotaur (Gauntlet)
  Azrael (D:15)
  A spark wasp (Spider:1)
  A green death (Gauntlet)
  3 ettins
  Josephine (Orc:2)
  A fire dragon (Lair:5)
  Harold (Lair:2)
  Erolcha (D:12)
  5 hydras
  7 vault guards (D:13)
  3 radroaches
  7 centaur warriors
  2 ghost crabs (Spider:3)
  5 boulder beetles
  A catoblepas (Lair:4)
  A death knight (D:15)
  7 two-headed ogres
  3 tengu warriors (D:13)
  A death scarab (Spider:2)
  5 demonic crawlers
  Urug (D:11)
  2 thrashing horrors (Abyss:2)
  An orc high priest (Orc:2)
  An occultist (D:15)
  Sonja (D:10)
  A wretched star (Abyss:2)
  2 skysharks (Lair:5)
  A fire crab (Lair:5)
  8 pharaoh ants
  5 skeletal warriors (D:15)
  An arcanist (D:13)
  A spatial maelstrom (D:15)
  6 orb spiders
  A sun moth (Spider:3)
  A swamp dragon (shapeshifter) (D:15)
  A lindwurm (Lair:4)
  3 steelbarb worms
  A phantasmal warrior (D:15)
  8 orc knights
  Pikel (D:6)
  2 necromancers (D:15)
  4 orc sorcerers (Orc:2)
  15 wolf spiders
  4 manticores
  10 ugly things
  9 elephants
  A will-o-the-wisp (Abyss:2)
  5 moths of wrath
  9 cyclopes
  2 worldbinders (Abyss:2)
  5 black mambas
  An apocalypse crab (Abyss:2)
  4 kobold blastminers
  3 meliai (D:15)
  A gargoyle (D:12)
  A smoke demon (Abyss:2)
  3 molten gargoyles (Lair:5)
  8 torpor snails
  2 unseen horrors (D:10)
  A cane toad (shapeshifter) (D:15)
  5 freezing wraiths
  4 yaktaurs (D:15)
  11 cane toads
  15 komodo dragons
  A kobold demonologist (D:11)
  2 rime drakes
  3 tengu conjurers
  13 trolls
  An ancient zyme (Abyss:2)
  A polar bear (Lair:4)
  4 tyrant leeches (Spider:3)
  2 hornets
  8 blink frogs
  Grinder (D:5)
  22 tarantellas
  6 saltlings (Orc:2)
  A raiju (Abyss:2)
  10 dream sheep (Lair:5)
  2 slime creatures
  22 jumping spiders
  Sigmund (D:2)
  18 culicivoras
  5 shadows
  12 wyverns
  A vampire (D:12)
  8 wraiths
  46 yaks
  5 fire elementals (D:15)
  9 basilisks
  A water elemental (D:15)
  Eustachio (D:4)
  26 redbacks
  2 steam dragons
  4 wargs
  10 vampire mosquitoes
  2 acid dragons
  2 swamp worms (Gauntlet)
  4 hell hounds
  18 water moccasins
  11 orc warriors
  2 ice beasts
  2 black bears
  7 ogres
  24 wolves
  A lemure (D:6)
  2 phantoms
  12 centaurs
  4 kobold brigands
  14 bullfrogs
  2 scorpions
  10 wights
  23 killer bees
  8 howler monkeys
  7 electric eels
  2 bombardier beetles
  4 lava snakes (Lair:5)
  6 hounds
  3 jellies
  16 orc priests
  An iron imp (Abyss:2)
  A sleepcap (D:7)
  4 iguanas
  Terence (D:2)
  14 orc wizards
  6 hell rats (Lair:2)
  7 gnolls
  6 adders
  2 ufetubi (D:6)
  A dart slug (D:4)
  A ribbon worm (D:4)
  52 orcs
  6 bats
  4 endoplasms
  4 giant cockroaches
  4 hobgoblins
  3 quokkas
  7 ball pythons
  2 frilled lizards (D:2)
  19 kobolds
  5 rats
829 creatures vanquished.

Vanquished Creatures (collateral kills)
  Arachne (Spider:2)
  An orc warrior (Orc:1)
  An orc (Orc:1)
3 creatures vanquished.

Vanquished Creatures (others)
  A hell hound (Lair:5)
  A centaur (D:12)
  2 starspawn tentacles (Abyss:2)
4 creatures vanquished.

Grand Total: 836 creatures vanquished

Notes
Turn   | Place    | Note
-------+----------+-------------------------------------------
     0 | D:1      | KimchiStew the Coglin Berserker began the quest for the
                  | Orb.
     0 | D:1      | Reached XP level 1. HP: 18/18 MP: 1/1
   205 | D:1      | Reached XP level 2. HP: 24/24 MP: 2/2
   729 | D:2      | Noticed Sigmund
   738 | D:2      | Killed Sigmund
   739 | D:2      | Reached skill level 4 in Axes
   739 | D:2      | Reached skill level 1 in Stealth
   739 | D:2      | Reached XP level 3. HP: 19/30 MP: 3/3
   739 | D:2      | Reached XP level 4. HP: 23/37 MP: 4/4
   739 | D:2      | Reached XP level 5. HP: 26/42 MP: 5/5
   908 | D:2      | Noticed Terence
   926 | D:2      | Killed Terence
  1108 | D:2      | Reached XP level 6. HP: 15/48 MP: 6/6
  2125 | D:3      | Found a shimmering altar of Xom.
  2128 | D:3      | Found a shimmering altar of Xom.
  2430 | D:3      | Found a hazy altar of Hepliaklqana.
  2602 | D:4      | Found Wylupsia's Whimsical Warehouse.
  2604 | D:4      | Reached skill level 1 in Maces & Flails
  2634 | D:4      | Reached ** piety under Trog
  2704 | D:4      | Found a snail-covered altar of Cheibriados.
  2765 | D:4      | Reached skill level 1 in Evocations
  2779 | D:4      | Reached XP level 7. HP: 54/54 MP: 7/7
  2884 | D:4      | Noticed Eustachio
  2897 | D:4      | Killed Eustachio
  2898 | D:4      | Reached skill level 1 in Throwing
  2898 | D:4      | Reached skill level 1 in Necromancy
  3038 | D:5      | Entered Level 5 of the Dungeon
  3366 | D:5      | Reached XP level 8. HP: 61/61 MP: 8/8
  3413 | D:5      | Noticed a yak
  3427 | D:5      | Killed a yak
  3470 | D:5      | Noticed a yak
  3472 | D:5      | Noticed a yak
  3472 | D:5      | Noticed a yak
  3485 | D:5      | Noticed a yak
  3488 | D:5      | Killed a yak
  3492 | D:5      | Killed a yak
  3493 | D:5      | Reached skill level 5 in Fighting
  3495 | D:5      | Killed a yak
  3499 | D:5      | Killed a yak
  3500 | D:5      | Reached XP level 9. HP: 68/68 MP: 9/9
  3608 | D:5      | Identified the +6 rapier of Innocence {antimagic, rPois rC-
                  | Str+8}
  3643 | D:5      | Noticed Grinder
  3650 | D:5      | Killed Grinder
  3651 | D:5      | Reached skill level 5 in Maces & Flails
  3728 | D:5      | Found Ytwis Gupli's General Store.
  3741 | D:5      | Bought a +1 pair of gloves for 149 gold pieces
  3741 | D:5      | Bought a +0 quarterstaff for 52 gold pieces
  3817 | D:5      | Found a bloodstained altar of Trog.
  4212 | D:6      | Noticed a troll
  4279 | D:6      | Killed a troll
  4409 | D:6      | Found a shadowy altar of Dithmenos.
  4411 | D:6      | Noticed Pikel
  4451 | D:6      | Killed Pikel
  4620 | D:6      | Found a staircase to the Ecumenical Temple.
  4726 | D:6      | Reached XP level 10. HP: 79/79 MP: 10/10
  4989 | D:7      | Reached *** piety under Trog
  5269 | D:7      | Reached skill level 5 in Axes
  5269 | D:7      | Reached skill level 1 in Shapeshifting
  5795 | D:8      | Noticed a manticore
  5802 | D:8      | Killed a manticore
  5861 | D:8      | Noticed a cyclops
  5870 | D:8      | Killed a cyclops
  5943 | D:8      | Reached skill level 6 in Axes
  5965 | D:8      | HP: 4/82 [orc priest/divine providence (15)]
  5991 | D:8      | Found a staircase to the Lair.
  6392 | D:8      | Noticed a red ugly thing
  6403 | D:8      | Killed a red ugly thing
  6404 | D:8      | Reached skill level 5 in Armour
  6404 | D:8      | Reached XP level 11. HP: 87/87 MP: 11/11
  6596 | D:8      | Found an iron altar of Okawaru.
  6596 | D:8      | Noticed a two-headed ogre
  6607 | D:8      | Killed a two-headed ogre
  6608 | D:8      | Reached skill level 7 in Axes
  6608 | D:8      | Reached skill level 5 in Dodging
  6879 | D:8      | Paralysed by a hornet for 1 turns
  6887 | D:8      | HP: 4/87 [poisoned by a hornet]
  7757 | D:9      | Reached **** piety under Trog
  7878 | D:9      | Found a white marble altar of Elyvilon.
  7935 | D:9      | Found a sacrificial altar of Ru.
  8091 | D:9      | Reached skill level 5 in Evocations
  8228 | D:9      | Reached skill level 8 in Axes
  8386 | D:10     | Entered Level 10 of the Dungeon
  8457 | D:10     | Noticed Sonja
  8460 | D:10     | Killed Sonja
  9541 | D:11     | Noticed a two-headed ogre
  9542 | D:11     | Noticed a boulder beetle
  9547 | D:11     | Killed a two-headed ogre
  9548 | D:11     | Reached XP level 12. HP: 96/96 MP: 12/12
  9551 | D:11     | Reached skill level 9 in Axes
  9564 | D:11     | Killed a boulder beetle
  9669 | D:11     | Noticed a centaur warrior
  9684 | D:11     | Killed a centaur warrior
  9704 | D:11     | Noticed a two-headed ogre
  9708 | D:11     | Killed a two-headed ogre
  9727 | D:11     | Noticed a centaur warrior
  9892 | D:11     | Found a runed translucent door.
  9903 | D:11     | Found a runed translucent door.
  9903 | D:11     | Found a runed translucent door.
  9903 | D:11     | Noticed a centaur warrior
  9926 | D:11     | Reached skill level 10 in Fighting
  9932 | D:11     | Reached skill level 10 in Axes
 10101 | D:11     | Noticed Urug
 10111 | D:11     | Killed Urug
 10623 | D:11     | Reached XP level 13. HP: 86/104 MP: 13/13
 10991 | D:11     | Found a staircase to the Orcish Mines.
 11717 | D:11     | Reached skill level 11 in Axes
 12078 | D:12     | Found a gate leading to a gauntlet.
 12086 | Gauntlet | Entered a Gauntlet
 12086 | Gauntlet | Found a transporter.
 12086 | Gauntlet | Found a transporter.
 12087 | Gauntlet | Found a transporter.
 12090 | Gauntlet | Found a transporter.
 12090 | Gauntlet | Found a transporter.
 12104 | Gauntlet | Found a transporter.
 12104 | Gauntlet | Found a transporter.
 12114 | Gauntlet | Found a transporter.
 12114 | Gauntlet | Noticed a green death
 12202 | Gauntlet | Found a transporter.
 12216 | Gauntlet | Found a transporter.
 12220 | Gauntlet | Found a transporter.
 12230 | Gauntlet | Found a transporter.
 12535 | Gauntlet | Killed a green death
 12676 | Gauntlet | Identified the ring "Deqamaph" {*Corrode +Blink Fly rPois
                  | MP+9}
 12696 | Gauntlet | Noticed a minotaur
 12710 | Gauntlet | Killed a minotaur
 12905 | D:12     | Noticed Erolcha
 12925 | D:12     | Killed Erolcha
 13389 | D:12     | Noticed Nessos
 13405 | D:12     | Killed Nessos
 13767 | D:12     | Identified the +4 chain mail "Wean" {Str+5}
 13786 | D:12     | Noticed Rupert
 13798 | D:12     | Killed Rupert
 14347 | Lair:1   | Entered Level 1 of the Lair of Beasts
 14376 | Lair:1   | Reached skill level 12 in Axes
 16193 | Lair:2   | Reached XP level 14. HP: 113/113 MP: 14/14
 16200 | Lair:2   | Reached skill level 13 in Axes
 16354 | Lair:2   | Noticed Gastronok
 16380 | Lair:2   | Killed Gastronok
 16663 | Lair:2   | Noticed alja1234's ghost (journeyman MDEE)
 16665 | Lair:2   | Found a transporter.
 16820 | Lair:2   | Found a transporter.
 16985 | Lair:2   | Noticed Harold
 16997 | Lair:2   | Killed Harold
 17004 | Lair:2   | Acquired an emergency geocapacitor {rPois rCorr Slay+3 Clar
                  | RMsl}
 17366 | Lair:3   | Found a staircase to the Shoals.
 17512 | Lair:3   | Found a hole to the Spider Nest.
 18238 | Lair:4   | Reached skill level 14 in Axes
 18255 | Lair:4   | Reached ***** piety under Trog
 18359 | Lair:4   | Found a staircase to the Slime Pits.
 18359 | Lair:4   | Found a viscous altar of Jiyva.
 19233 | Lair:5   | Entered Level 5 of the Lair of Beasts
 19511 | Lair:5   | Found a shadowy altar of Dithmenos.
 19524 | Lair:5   | Reached skill level 15 in Axes
 20216 | Lair:5   | Reached XP level 15. HP: 114/122 MP: 15/15
 20642 | Lair:5   | Found a large runed translucent door.
 20673 | Lair:5   | Reached skill level 5 in Throwing
 20993 | Lair:5   | Found a large runed translucent door.
 21003 | Lair:5   | Reached skill level 10 in Evocations
 21579 | Orc:1    | Entered Level 1 of the Orcish Mines
 21690 | Orc:1    | Noticed Jorgrun
 21709 | Orc:1    | Killed Jorgrun
 22551 | Orc:2    | Entered Level 2 of the Orcish Mines
 22747 | Orc:2    | Noticed Josephine
 22757 | Orc:2    | Killed Josephine
 23211 | Orc:2    | Found a staircase to the Elven Halls.
 24388 | Orc:2    | Noticed an orc warlord
 24390 | Orc:2    | Noticed an orc warlord
 24396 | Orc:2    | Reached skill level 16 in Axes
 24396 | Orc:2    | Killed an orc warlord
 24405 | Orc:2    | Killed an orc warlord
 24516 | Orc:2    | Found Farghu's Antique Weapon Emporium.
 24574 | Orc:2    | Found Tucisic's Assorted Antiques.
 24575 | Orc:2    | Found a roughly hewn altar of Beogh.
 24576 | Orc:2    | Found Esserhukk's Book Boutique.
 24587 | Orc:2    | Bought a potion of heal wounds for 140 gold pieces
 24601 | Orc:2    | Found Aravvein's Distillery.
 24609 | Orc:2    | Bought a potion of haste for 150 gold pieces
 24609 | Orc:2    | Bought a potion of heal wounds for 75 gold pieces
 24609 | Orc:2    | Bought a potion of might for 60 gold pieces
 24609 | Orc:2    | Bought a potion of mutation for 120 gold pieces
 24609 | Orc:2    | Bought a potion of curing for 45 gold pieces
 24609 | Orc:2    | Bought a potion of curing for 45 gold pieces
 24609 | Orc:2    | Bought a potion of invisibility for 120 gold pieces
 24642 | Orc:2    | Bought a broad axe for 124 gold pieces
 24912 | D:13     | Reached skill level 5 in Shapeshifting
 25389 | D:13     | Found a gate to the Vaults.
 25466 | D:13     | Reached XP level 16. HP: 96/130 MP: 16/16
 26476 | D:14     | You fall into a shaft and drop 1 floor!
 26476 | D:15     | Entered Level 15 of the Dungeon
 26480 | Abyss:2  | Cast into level 2 of the Abyss (an occultist)
 26701 | Abyss:2  | Noticed a tentacled starspawn
 26706 | Abyss:2  | Killed a tentacled starspawn
 26841 | D:15     | Escaped the Abyss
 26855 | D:15     | Identified the +5 war axe of Trog's Hope {heavy, rElec}
                  | (Trog gifted it to you on level 15 of the Dungeon)
 26855 | D:15     | Received a gift from Trog
 27325 | D:15     | Reached skill level 17 in Axes
 27718 | D:15     | Noticed Azrael
 27728 | D:15     | Killed Azrael
 27885 | D:15     | Found a staircase to the Depths.
 28654 | Spider:1 | Entered Level 1 of the Spider Nest
 28971 | Spider:1 | Received a gift from Trog
 29449 | Spider:1 | Reached XP level 17. HP: 117/138 MP: 17/17
 30210 | Spider:2 | Noticed Agnes
 30219 | Spider:2 | Killed Agnes
 30660 | Spider:2 | Noticed Arachne
 30669 | Spider:2 | Killed Arachne
 30978 | Spider:2 | Identified the +3 kite shield "Anozon" {rF+ MP-9 Dex+2}
 30978 | Spider:2 | Noticed Donald
 30991 | Spider:2 | Killed Donald
 31929 | Spider:3 | Identified the +3 scimitar "Veduapt" {flame, rElec rPois
                  | Dex+3} (Trog gifted it to you on level 3 of the Spider
                  | Nest)
 31929 | Spider:3 | Received a gift from Trog
 32200 | Spider:3 | Reached skill level 10 in Dodging
 33213 | Spider:3 | Reached skill level 10 in Shapeshifting
 33260 | Spider:3 | Slain by a tyrant leech simulacrum

Illustrated notes

Levels and vault maps discovered:
D:1:      ebering_trefoil_twist, layout_basic
D:2:      layout_basic, uniq_terence, uniq_sigmund
D:3:      layout_rooms, xom_redecorated, worldfamousw_hep_ancestral_shrine,
          st_stairs_6
D:4:      layout_rooms, overflow_temple_1_default,
          serial_library_hellmonk_filled_rooms, nicolae_alphabet_shops,
          uniq_eustachio
D:5:      layout_cave_pods, trog_three_pillars_becter, serial_column_ruins,
          column_ruins_hut, column_ruins_hut, column_ruins_columns_straight,
          column_ruins_columns_dead_end, column_ruins_open_small,
          column_ruins_corridor_straight, serial_shops, shop, uniq_grinder
D:6:      layout_cave_pools, overflow_temple_1_default,
          minmay_temple_entry_arrows, uniq_pikel
D:7:      layout_rooms, serial_bayou, serial_bayou_pond_c, serial_bayou_pond_b,
          serial_bayou_pond_a, serial_bayou_ford_a
D:8:      layout_loops_cross, okawaru_ov_weapons_minmay,
          erik_lair_orcish_takeover, kb_rosetta
D:9:      layout_cave_pools, mainiacjoe_overflow_six_doors_small,
          nicolae_ru_the_path_less_chosen, serial_park, serial_park_square1
          [serial_park_minivault_5x5_3], serial_park_square1
          [serial_park_minivault_5x5_3], serial_park_gazebo
          [serial_park_minivault_5x5_2], serial_park_tiny_1
D:10:     layout_roguey, uniq_sonja
D:11:     minmay_the_grid_triangle_9x9_recursive_3_mashed
          [minmay_the_grid_triangle_9x9_tough_junction,
          minmay_the_grid_triangle_9x9_subtriangle,
          minmay_the_grid_triangle_9x9_swiss_cheese,
          minmay_the_grid_triangle_9x9_prize_top_heavy,
          minmay_the_grid_triangle_9x9_corruption,
          minmay_the_grid_triangle_9x9_steps,
          minmay_the_grid_triangle_9x9_negative_grid,
          minmay_the_grid_triangle_9x9_thin_v,
          minmay_the_grid_triangle_9x9_shrine], layout_grid_maze, uniq_urug
D:12:     layout_loops_corners, gauntlet_entry_generic,
          minmay_misc_feat_secret_circle, minmay_between, uniq_rupert,
          uniq_nessos, uniq_erolcha
D:13:     layout_stronghold, erik_vaults_2
D:14:     layout_layer_cave, chequers_serial_rivers_marsh, uniq_roxanne
D:15:     hangedman_depths_entry_civil_slaughter, layout_stronghold,
          minmay_crystal_water, uniq_azrael
Lair:1:   layout_long_grid, serial_bayou_shore_a, infiniplex_staircase_pool_2,
          grunt_megastairs_2, lemuel_fruit_fields
Lair:2:   layout_gridlike, gammafunk_ghost_arena, serial_bayou_lagoon_b,
          uniq_harold, uniq_gastronok
Lair:3:   layout_gridlike, mainiacjoe_shoals_entry_four_pools,
          hellmonk_spider_entry_life_and_decay, chequers_serial_rivers_large_a
Lair:4:   layout_cellular_growth, slime_entry_1, small_statue_intersection
Lair:5:   cheibrodos_lair_end_hotspot, layout_gridlike, basic_altar
Spider:1: layout_spider_delve, hangedman_spider_tarantella_strand
Spider:2: layout_cave_pods, uniq_agnes, uniq_arachne, uniq_donald
Spider:3: layout_spider_delve, nicolae_spider_swamp_cousins
Orc:1:    layout_diamond_mine, uniq_jorgrun
Orc:2:    hellmonk_orc_salted, layout_caves, uniq_josephine

Skill      XL: |  1  2  3  4  5  6  7  8  9 10 11 12 13 14 15 16 17 |
---------------+----------------------------------------------------+-----
Dodging        | 2 3 4 6 7 8 9 10 | 10.3
Armour         | 2 3 4 5 6 7 8 9 |  9.0
Axes           | 4 6 8 10 12 15 16 17 | 17.3
Stealth        | 1 |  1.0
Fighting       | 4 5 7 8 9 10 11 12 13 14 | 14.8
Maces & Flails | 1 2 4 7 |  7.4
Evocations     | 1 2 4 6 8 9 11 | 11.3
Throwing       | 1 3 4 6 7 |  7.0
Necromancy     | 1 |  1.6
Shapeshifting  | 2 3 5 7 10 | 10.1

Action                     |  1- 3 |  4- 6 |  7- 9 | 10-12 | 13-15 | 16-18 || total
---------------------------+-------+-------+-------+-------+-------+-------++-------
  Melee: Hand axe          |    32 |    19 |       |       |       |       ||    51
         Dagger            |    32 |    11 |       |       |       |       ||    43
         Flail             |       |    86 |   112 |   420 |   565 |       ||  1183
         Morningstar       |       |    37 |   112 |   411 |   548 |       ||  1108
         Broad axe         |       |       |       |       |   264 |   877 ||  1141
         War axe           |       |       |       |       |   125 |       ||   125
  Throw: Dart              |       |       |     8 |     9 |    16 |    22 ||    55
         Throwing net      |       |       |       |       |     2 |       ||     2
 Invoke: Berserk           |     1 |     2 |     2 |    14 |    19 |    13 ||    51
         Trog's Hand       |       |       |       |     9 |    18 |    11 ||    38
Ability: Invent Gizmo      |       |       |       |       |     1 |       ||     1
  Evoke: Wand              |       |       |       |    25 |    20 |       ||    45
         Lightning rod     |       |       |       |       |     7 |       ||     7
         Phantom mirror    |       |       |       |       |     2 |     1 ||     3
         Condenser vane    |       |       |       |       |     2 |       ||     2
         Phial of floods   |       |       |       |       |     1 |       ||     1
         Sack of spiders   |       |       |       |       |     1 |       ||     1
    Use: Scroll            |       |     6 |     5 |     8 |    18 |     2 ||    39
         Potion            |       |       |     3 |     3 |     2 |       ||     8
   Stab: Sleeping          |     2 |       |       |       |       |       ||     2
         Confused          |       |       |       |       |       |     1 ||     1
         Distracted        |       |       |       |       |       |     1 ||     1
 Armour: Animal skin       |    18 |       |       |       |       |       ||    18
         Chain mail        |     8 |    82 |   138 |   454 |    43 |       ||   725
         Quicksilver drago |       |       |       |       |   637 |   407 ||  1044
         Scale mail        |       |       |       |       |    22 |       ||    22
  Dodge: Dodged            |    18 |    34 |    63 |   252 |   545 |   334 ||  1246
         Repelled          |       |       |       |       |    19 |    13 ||    32

Table legend: (Time is in decaauts)
 A = Elapsed time spent in this place.
 B = Non-inter-level travel time spent in this place.
 C = Inter-level travel time spent in this place.
 D = Time resting spent in this place.
 E = Time spent auto-exploring this place.
 F = Levels seen in this place.
 G = Mean time per level.
                   A        B        C        D        E       F      G
               +--------+--------+--------+--------+--------+-----+--------+
         Total |  33635 |  32497 |   1138 |  11016 |  15090 |  27 | 1245.7 |
       Dungeon |  17335 |  16600 |    735 |   5618 |   7690 |  15 | 1155.7 |
          Lair |   7319 |   7078 |    241 |   1563 |   4254 |   5 | 1463.8 |
   Spider Nest |   4586 |   4527 |     59 |   1929 |   1812 |   3 | 1528.7 |
  Orcish Mines |   3257 |   3155 |    102 |   1320 |   1194 |   2 | 1628.5 |
         Abyss |    357 |    357 |      0 |    199 |      0 |   1 |  357.0 |
      Gauntlet |    779 |    779 |      0 |    386 |    140 |   1 |  779.0 |
               +--------+--------+--------+--------+--------+-----+--------+

Top non-repeatable levels by time:
    D:11: 2570 daAuts
   Orc:2: 2178 daAuts
  Lair:5: 2146 daAuts
Spider:2: 1825 daAuts
     D:8: 1700 daAuts
    D:13: 1676 daAuts
    D:15: 1590 daAuts
Spider:1: 1528 daAuts
  Lair:1: 1475 daAuts
    D:12: 1445 daAuts
  Lair:2: 1336 daAuts
    D:10: 1324 daAuts
  Lair:4: 1298 daAuts
     D:2: 1270 daAuts
Spider:3: 1232 daAuts
